Cogmind - Beta 15 @@@ ROGUE MODE // 2025.10.04 @ 21:08:56 Player: WitherScout Result: Destroyed by H-61 Shepherd with Heavy Assault Cannon Performance ------------- Evolutions (2) 1000 Regions Visited (4) 800 Robots Destroyed (50) 250 Value Destroyed (1696) 1696 Prototype IDs (3) 60 Alien Tech Used (0) 0 Bonus (0) 0 TOTAL SCORE: 3806 Bonus ------- None Cogmind --------- Core Integrity 0/550 Matter 300/300 Energy 150/150 System Corruption 1% Temperature Cool (0) Movement Core (500) Ox9 Location -8/Materials Parts ------- > --- POWER (1) -------- Micro Nuclear Core > --- PROPULSION (5) --- (None) > --- UTILITY (3) ------ Large Storage Unit ECM Suite > --- WEAPON (2) ------- (None) > --- INVENTORY (15) --- Light Nuclear Core Light Nuclear Core Micro Nuclear Core Micro Nuclear Core Micro Nuclear Core Disposable Heat Sink Large Matter Pod (150) Advanced Targeting Computer Advanced Targeting Computer Recoil Stabilizer Hardened Light Armor Plating Hardened Medium Armor Plating Autogun Missile Launcher Peak State ------------ > --- POWER ------------ Micro Nuclear Core > --- PROPULSION ------- Advanced Treads Aluminum Leg Cesium-ion Thruster Cesium-ion Thruster Improved VTOL Module > --- UTILITY ---------- Large Storage Unit ECM Suite Hardened Light Armor Plating > --- WEAPON ----------- Autogun Gauss Rifle > --- INVENTORY -------- Micro Nuclear Core Micro Nuclear Core Micro Nuclear Core Disposable Heat Sink Large Matter Pod Advanced Targeting Computer Advanced Targeting Computer Core Shielding Hardened Light Armor Plating Missile Launcher [Rating: 30] Favorites ----------- Power Light Ion Engine Engine Light Ion Engine Power Core Micro Nuclear Core Propulsion Aluminum Leg Treads Advanced Treads Leg Aluminum Leg Flight Unit Cesium-ion Thruster Utility Large Storage Unit Device ECM Suite Storage Large Storage Unit Processor Improved Signal Interpreter Protection Hardened Light Armor Plating Weapon Autogun Energy Gun Medium Laser Ballistic Gun Autogun Launcher Grenade Launcher Build | -11 -10 -9 -9 -8 ------- Run | Yrd Mat Mat Min Mat Slots Evolved 4 | . . 2 . 2 Power . | . . . . . Propulsion 3 | . . 1 . 2 Utility 1 | . . 1 . . Weapon . | . . . . . Parts Attached 53 | 6 14 5 4 24 Power 4 | 1 . . . 3 Engine 2 | 1 . . . 1 Core 2 | . . . . 2 Reactor . | . . . . . Propulsion 19 | 2 6 1 1 9 Treads 2 | . . . . 2 Leg 14 | 2 6 1 1 4 Wheel . | . . . . . Hover . | . . . . . Flight 3 | . . . . 3 Utility 12 | 1 4 3 . 4 Device 2 | . . 1 . 1 Storage 2 | 1 1 . . . Processor 2 | . 1 . . 1 Hackware . | . . . . . Protection 6 | . 2 2 . 2 Artifact . | . . . . . Weapon 18 | 2 4 1 3 8 Energy Gun 2 | 1 . . . 1 Energy Cannon . | . . . . . Ballistic Gun 8 | 1 2 . . 5 Ballistic Cannon . | . . . . . Launcher 8 | . 2 1 3 2 Special Weapon . | . . . . . Impact Weapon . | . . . . . Slashing Weapon . | . . . . . Piercing Weapon . | . . . . . Special Melee Weapon . | . . . . . Unidentified Prototypes 3 | . . . . 3 Parts Lost 29 | . 1 1 11 16 Power 2 | . . . 1 1 Propulsion 12 | . . . 4 8 Utility 5 | . 1 . 2 2 Weapon 10 | . . 1 4 5 Highest Loss Streak 12 | . 1 1 12 7 To Critical Strikes . | . . . . . Average Backups 12 | 2 10 14 12 12 Power 2 | . 1 3 3 2 Propulsion . | 1 1 2 1 . Utility 5 | . 3 4 5 7 Weapon 2 | . 3 5 3 2 Tool/Special . | . . . . . Unused Backups 29 | . 11 1 . 17 Power 7 | . . . . 7 Propulsion 6 | . 6 . . . Utility 14 | . 3 1 . 10 Weapon 2 | . 2 . . . Tool/Special . | . . . . . Average Slot Usage (%) 83 | . 98 99 48 77 Engine 6 | . 14 11 2 2 Core 3 | . . . . 4 Treads 2 | . . . . 3 Leg 23 | . 28 33 15 20 Flight 5 | . . . . 8 Device 5 | . . 10 5 6 Storage 10 | . 14 11 11 9 Protection 8 | . 12 11 3 6 Ballistic Gun 11 | . 23 . . 10 Launcher 6 | . 4 21 12 3 Peak Build Rating 30 | 6 11 10 10 30 Average Rating 14 | 4 9 9 4 17 On Entrance 5 | . 6 8 10 4 Naked Turns . | . . . . . Heaviest Build 40 | 12 32 34 32 40 Greatest Support 50 | 20 20 30 30 50 Greatest Overweight (x) 10 | 1 1 1 7 10 Average Overweight (x) . | . . 1 2 . Largest Inventory Capacity 15 | 8 15 15 15 15 Average Capacity 14 | 7 11 15 15 15 Most Carried 15 | 6 15 15 14 15 Average Carried 12 | 2 10 14 12 12 Final Capacity 15 | 8 15 15 15 15 Final Carried 15 | 6 15 14 12 14 Class Distribution -------------------- 77% | Mutant 22% | Scavenger-Mutant Dominant Class ---------------- Mutant | -10/Materials Mutant | -9/Materials Mutant | -9/Mines Mutant | -8/Materials Resources | -11 -10 -9 -9 -8 ----------- Run | Yrd Mat Mat Min Mat Matter Collected 1654 | 209 430 28 57 930 Remotely . | . . . . . Salvage Created 1627 | . 491 145 36 955 Parts 104 | . 39 8 . 57 Haulers Intercepted 1 | . . . . 1 Recyclers Shooed 1 | . . . . 1 Parts Field Recycled . | . . . . . Retrieved Matter . | . . . . . Parts Self-Destructed . | . . . . . Prevented . | . . . . . Kills | -11 -10 -9 -9 -8 ------- Run | Yrd Mat Mat Min Mat Combat Hostiles Destroyed 59 | . 18 6 14 21 Guns 34 | . 18 . . 16 AOE 25 | . . 6 14 5 Classes Destroyed 10 | . 3 2 1 4 Worker 1 | . 1 . . . Builder 2 | . . 1 . 1 Tunneler 1 | . . . . 1 Hauler 1 | . . . . 1 Swarmer 9 | . 9 . . . Grunt 28 | . 9 5 . 14 Duelist 1 | . . . . 1 Sentry 6 | . . 1 . 5 Hunter 1 | . . . . 1 Assembled 14 | . . . 14 . Best Kill Streak 8 | . 5 5 8 3 Combat Bots Only 8 | . 5 4 8 3 Max Kills in Single Turn 5 | . 2 2 5 2 Gunslinging . | . . . . . Exploded 5 | . . 1 5 1 Melee . | . . . . . Uniques/NPCs Destroyed . | . . . . . Combat | -11 -10 -9 -9 -8 -------- Run | Yrd Mat Mat Min Mat Hostile Shots Fired 282 | . 77 21 65 119 Missed 66 | . 20 6 18 22 Hits 216 | . 57 15 47 97 Melee 15 | . . . 11 4 Projectile 201 | . 57 15 36 93 Critical Strikes 10 | . . . 1 9 Actively Blocked 1 | . . . . 1 Damage Taken 3866 | . 525 213 928 2200 Core 963 | . 60 39 312 552 Absorbed by Shields . | . . . . . Redirected to Shielding 62 | . . 4 7 51 Core Remaining (%) 62 | 100 76 . 12 . Volleys Fired 139 | . 49 9 6 75 Largest 2 | . 2 2 2 2 Hottest 60 | . 46 60 60 56 Shots Fired 254 | . 98 18 8 130 Gun 211 | . 98 . . 113 Cannon . | . . . . . Launcher 43 | . . 18 8 17 Special . | . . . . . Kinetic 211 | . 98 . . 113 Thermal . | . . . . . Explosive 43 | . . 18 8 17 Electromagnetic . | . . . . . Robot Hit Streak 15 | . 5 7 2 15 Robot Miss Streak 4 | . 3 1 1 4 Penetration Max 1 | . . . . 1 Secondary Targets 5 | . 3 . . 2 Max Gunslinging Chain 1 | . 1 . . 1 Shots Hit Robots 165 | . 61 8 4 92 Core Hits 118 | . 20 16 30 52 Critical Kills 2 | . . . . 2 Critical Parts Destroyed 1 | . . . . 1 Critical Strikes 3 | . . . . 3 Destroy 3 | . . . . 3 Melee Attacks . | . . . . . Impact . | . . . . . Slashing . | . . . . . Piercing . | . . . . . Sneak Attacks . | . . . . . Combat Hostiles . | . . . . . Follow-up Attacks . | . . . . . Damage Inflicted 4487 | . 979 565 839 2104 Guns 2462 | . 979 . . 1483 Cannons . | . . . . . Explosions 2018 | . . 565 839 614 Melee . | . . . . . Ramming 7 | . . . . 7 Kinetic 2462 | . 979 . . 1483 Thermal 61 | . . . . 61 Explosive 1957 | . . 565 839 553 Electromagnetic . | . . . . . Impact . | . . . . . Slashing . | . . . . . Piercing . | . . . . . Highest Corruption 11 | . 1 . 11 1 Average Corruption 3 | . 1 . 9 1 Corruption Purged . | . . . . . Corruption Blocked . | . . . . . Effects 4 | . . . 3 1 Heat Flow Errors 1 | . . . . 1 Energy Discharges 2 | . . . 2 . Data Loss (major) 1 | . . . 1 . Overload Shots . | . . . . . Overflow Damage 14 | . . . 9 5 Projectiles . | . . . . . Explosions 14 | . . . 9 5 Melee . | . . . . . Knockbacks . | . . . . . Impact . | . . . . . Kinetic . | . . . . . Secondary . | . . . . . Self-Inflicted Damage 319 | . . 21 175 123 Shots 10 | . . 1 5 4 Rammed 2 | . . . . 2 Targets Rammed 4 | . . . 1 3 Kicked 2 | . . . 1 1 Crushed . | . . . . . Highest Temperature 163 | . 120 24 44 163 Average Temperature 22 | . 28 13 19 18 Received Heat Transfer 1200 | . 156 84 240 720 Siege Activations . | . . . . . Martial Activations . | . . . . . Shielding Activations . | . . . . . Robots Disrupted . | . . . . . Combat Hostiles . | . . . . . Robots Corrupted . | . . . . . Combat Hostiles . | . . . . . Parts Fried . | . . . . . Impact Corruptions . | . . . . . Robots Melted . | . . . . . Combat Hostiles . | . . . . . Parts Melted . | . . . . . Heat Transferred 50 | . . . . 50 Parts Sabotaged . | . . . . . Parts Stolen . | . . . . . Parts Stripped . | . . . . . Power Chain Reactions . | . . . . . Alert | -11 -10 -9 -9 -8 ------- Run | Yrd Mat Mat Min Mat Maximum Alert Level 1 | . 1 1 . 1 Low Security (%) 85 | 100 36 98 100 99 Level 1 14 | . 63 1 . . Level 2 . | . . . . . Level 3 . | . . . . . Level 4 . | . . . . . Level 5 . | . . . . . High Security . | . . . . . Max Security . | . . . . . Peak Influence 398 | . 398 206 85 200 Initial 141 | . . 141 76 . Average 88 | . 198 105 19 52 Influence Increases 1611 | . 558 245 37 771 Destroy 0b10 Robot/C 900 | . 360 120 . 420 Destroy 0b10 Robot/NC 25 | . 5 5 . 15 Destroy Leader 212 | . 70 20 . 122 Successful Hack 42 | . 15 9 . 18 Disable Machine 120 | . 15 15 . 90 Destroy Structure 222 | . 3 76 37 106 Lose Combat Pursuer 90 | . 90 . . . Influence Decreases 1490 | . 224 383 233 650 Entered New Map 313 | . . 193 120 . Time Decay 900 | . 214 180 15 491 Lost Part 277 | . 10 10 98 159 Squads Dispatched 12 | . 4 2 . 6 Investigation 7 | . 2 1 . 4 Extermination . | . . . . . Reinforcement 5 | . 2 1 . 2 Assault . | . . . . . Garrison . | . . . . . Intercept . | . . . . . Searches Triggered . | . . . . . Construction Impeded 1 | . . 1 . . Haulers Reinforced . | . . . . . Active Scanning Responses . | . . . . . Cargo Convoy Interrupts . | . . . . . Stealth | -11 -10 -9 -9 -8 --------- Run | Yrd Mat Mat Min Mat Distress Signals 10 | . 3 1 . 6 Communications Jammed . | . . . . . Distress Signals . | . . . . . Times Spotted 101 | . 32 11 21 37 Peak Tracking Total 20 | . 8 5 20 4 Tactical Retreats 7 | . 2 . 2 3 Traps | -11 -10 -9 -9 -8 ------- Run | Yrd Mat Mat Min Mat Traps Triggered 4 | . 1 2 . 1 Indirectly . | . . . . . Trap Hack Attempts . | . . . . . Triggered . | . . . . . Disarmed . | . . . . . Reprogrammed . | . . . . . Reused . | . . . . . Traps Extracted . | . . . . . Installed . | . . . . . Triggered . | . . . . . Machines | -11 -10 -9 -9 -8 ---------- Run | Yrd Mat Mat Min Mat Machines Disabled 8 | . 1 1 . 6 Max in Single Turn 3 | . 1 1 . 3 Machines Repaired . | . . . . . Machines Dismantled . | . . . . . Machines Sabotaged . | . . . . . Overloaded Fab Kills . | . . . . . Hacking | -11 -10 -9 -9 -8 --------- Run | Yrd Mat Mat Min Mat Machines Accessed 13 | . 3 2 . 8 Terminals 7 | . 2 1 . 4 Fabricators . | . . . . . Repair Stations . | . . . . . Recycling Units 3 | . 1 . . 2 Scanalyzers 2 | . . 1 . 1 Garrison Access 1 | . . . . 1 Total Hacks 53 | . 11 9 . 33 Successful 37 | . 6 7 . 24 Failed 16 | . 5 2 . 9 Catastrophic 3 | . 2 . . 1 Database Lockouts . | . . . . . Manual 3 | . 2 . . 1 Terminals 18 | . 8 2 . 8 Fabricators . | . . . . . Repair Stations . | . . . . . Recycling Units 10 | . 3 . . 7 Scanalyzers 23 | . . 7 . 16 Garrison Access 2 | . . . . 2 Terminal Hacks 8 | . 3 1 . 4 Branch Access Points 1 | . 1 . . . Alert Level 1 | . . . . 1 Locate Traps 1 | . 1 . . . Dispatch Records 2 | . 1 . . 1 Investigation Status 1 | . . . . 1 Registered Components 1 | . . 1 . . Zone Layout 1 | . . . . 1 Fabricator Hacks . | . . . . . Repair Station Hacks . | . . . . . Recycling Unit Hacks 9 | . 3 . . 6 Process 3 | . 1 . . 2 Report Inventory 3 | . 1 . . 2 Retrieve Matter 3 | . 1 . . 2 Scanalyzer 20 | . . 6 . 14 Insert Component 10 | . . 3 . 7 Analyze 10 | . . 3 . 7 Garrison Access Hacks . | . . . . . Unauthorized Hacks . | . . . . . Terminals . | . . . . . Fabricators . | . . . . . Repair Stations . | . . . . . Recycling Units . | . . . . . Scanalyzers . | . . . . . Garrison Access . | . . . . . Data Cores Recovered . | . . . . . Used . | . . . . . Hacking Detections 12 | . 3 2 . 7 Full Trace Events 7 | . 3 . . 4 Feedback Events 2 | . 1 . . 1 Corruption 2 | . 1 . . 1 Feedback Blocked . | . . . . . Robot Schematics Acquired . | . . . . . Robots Built . | . . . . . Authchips . | . . . . . Time . | . . . . . Total Robot Build Rating . | . . . . . Part Schematics Acquired 10 | . . 3 . 7 Parts Built . | . . . . . Authchips . | . . . . . Time . | . . . . . Total Part Build Rating . | . . . . . Parts Repaired . | . . . . . Time . | . . . . . Parts Recycled . | . . . . . Recycled Matter 490 | . 225 . . 265 Retrieved Matter 564 | . 225 . . 339 Retrieved Components . | . . . . . Parts Scanalyzed 10 | . . 3 . 7 Part Schematics Acquired 10 | . . 3 . 7 Parts Damaged . | . . . . . Bothacking | -11 -10 -9 -9 -8 ------------ Run | Yrd Mat Mat Min Mat Used RIF Installer . | . . . . . Robots Hacked . | . . . . . Non-combat . | . . . . . Combat . | . . . . . Robot Hacks Applied . | . . . . . Relay Couplers Released . | . . . . . Fabnet Peak Effective % . | . . . . . Robots Rewired . | . . . . . Allies Hacked . | . . . . . Hacks Repelled . | . . . . . Allies | -11 -10 -9 -9 -8 -------- Run | Yrd Mat Mat Min Mat Total Allies . | . . . . . Largest Group . | . . . . . Highest-Rated Group . | . . . . . Highest-Rated Ally . | . . . . . Total Orders . | . . . . . Ally Attacks . | . . . . . Total Damage . | . . . . . Kills . | . . . . . Allies Corrupted . | . . . . . Allies Melted . | . . . . . Intel | -11 -10 -9 -9 -8 ------- Run | Yrd Mat Mat Min Mat Active Infowar (turns) 1734 | . 43 359 43 1289 Optics 43 | . 43 . . . ECM 1691 | . . 359 43 1289 Robot Analysis Total . | . . . . . Derelict Logs Recovered . | . . . . . Drone Launches . | . . . . . Drone Recoveries . | . . . . . Exploration | -11 -10 -9 -9 -8 ------------- Run | Yrd Mat Mat Min Mat Turns Passed 3121 | 72 680 360 103 1906 Spaces Moved 1320 | 55 311 160 31 763 Core 19 | 12 . . 5 2 Treads 177 | . . . . 177 Legs 1119 | 43 311 160 26 579 Wheels . | . . . . . Hover . | . . . . . Flight 5 | . . . . 5 Fastest Speed 50 | 50 120 190 120 120 Average Speed 175 | 105 149 190 257 185 Slowest Speed 550 | 120 190 190 400 550 Overloaded Moves . | . . . . . Propulsion Burnouts . | . . . . . Robots Hopped . | . . . . . Potential Cave-ins . | . . . . . Cave-ins Triggered . | . . . . . Exploration Rate (%) 30 | 4 47 24 19 56 Regions Visited 4 Branch Regions 1 Pre-discovered Areas . | . . . . . Known Exits Taken . | . . . . . Unknown Exits Taken 4 | 1 1 1 1 . Scrap Searched 1 | . . . 1 . Spaces Dug . | . . . . . Terrain Destroyed 319 | . . 130 56 133 Melee . | . . . . . Projectile . | . . . . . AOE 319 | . . 130 56 133 Terrain Rammed . | . . . . . Walls Destroyed . | . . . . . Machines Disabled . | . . . . . Actions | -11 -10 -9 -9 -8 --------- Run | Yrd Mat Mat Min Mat Total 1910 | 66 464 199 46 1135 Wait 291 | . 37 20 2 232 Move 1316 | 54 310 159 30 763 Hop . | . . . . . Pick Up 51 | 6 26 3 2 14 Fast Attach 27 | 6 5 1 1 14 Attach 20 | . 1 3 4 12 Detach 5 | . . . . 5 Swap 14 | . 8 1 . 5 Drop 43 | . 28 3 . 12 Fire 139 | . 49 9 6 75 Melee . | . . . . . Ram . | . . . . . Kick 2 | . . . 1 1 Crush 2 | . . . . 2 Escape Stasis . | . . . . . Rewire . | . . . . . Trap . | . . . . . Miscellaneous . | . . . . . Route ------- -11/Scrapyard -10/Materials (discovered 2 exits: *Mat / Min) -9/Materials -9/Mines -8/Materials (discovered 1 exit: [*Fac]) History --------- Turn | Location | Event 6 | -11/Scrapyard | Discovered new exit (range 15) 73 | -11/Scrapyard | Entered Materials 318 | -10/Materials | Build established: Mutant 566 | -10/Materials | Identified exit to Mines 634 | -10/Materials | Discovered new exit (range 12) 753 | -10/Materials | Entered another Materials area 753 | -9/Materials | Evolved 2 slots: Propulsion x1, Utility x1 1079 | -9/Materials | Discovered new exit (range 15) 1113 | -9/Materials | Entered Mines 1114 | -9/Mines | Assembled infested the area 1154 | -9/Mines | Destroyed 8 combat bots 1157 | -9/Mines | System corruption reached 10% 1159 | -9/Mines | Core integrity fell below 50% 1167 | -9/Mines | Core integrity fell below 20% 1189 | -9/Mines | Destroyed 7 combat bots 1194 | -9/Mines | Lost 12 parts (1p4n2u5w) 1198 | -9/Mines | Discovered new exit (range 7) 1216 | -9/Mines | Entered Materials 1216 | -8/Materials | Evolved 2 slots: Propulsion x2 2129 | -8/Materials | Build established: Scavenger-Mutant 2819 | -8/Materials | Build established: Mutant 3094 | -8/Materials | Discovered new exit (range 10) 3101 | -8/Materials | Core integrity fell below 50% 3115 | -8/Materials | Core integrity fell below 20% 3122 | -8/Materials | Destroyed by H-61 Shepherd with Heavy Assault Cannon Last Messages --------------- A bubble of electromagnetic force engulfs the area. Fusion Modulator explodes. Door malfunctions. Fusion Modulator explodes. Adv. Treads destroyed. Cesium-ion Thruster destroyed. Gauss Rifle destroyed. T-07 Excavator is excavating. Lgt. Treads destroyed. System corrupted: Heat flow error (+186). T-07 Excavator is excavating. Knocked back. Imp. VTOL Module destroyed. Knocked back. Hvy. Assault Rifle destroyed. Knocked back. Penetrated by Slug. Core Shielding destroyed. Penetrated by Slug. Map ----- +----------------------------------------------------+ | "" #?#[[ ????????????????????? | | "" #?#!! ????????????????????? | | "" #?#!! "T" #######????????????????????????? | | #?#!! """ #??????????????????????????????? | | #?#!! #??????????????????????????????? | | #?##### #??????????????????????????????? | | #?#####/#+######??????????????????????????????? | | ###### #????????????????????????????????? | | ## #????????? ???????????????????? | | ##! #????????? #??????????????????? | | ##=%""" """ #????????? #??????????????????? | | ##[*""" """ ########## #??????????????????? | | # =""" """ # ###????????????????? | | # = ![ # # #????????????????? | | "#########+##; ?????????????????? | | " #?# ! ; #??????????????????? | | ##?# """ ; !** #??????????????????? | | #####??# """ ; ** #???????????????????? | | ###??# """ [ ; * ##??????????????????? | | #??# ;#??????????????????? | | #??# """ ;#??????????????????? | | #??# """ % ;########???????????? | | #??# """ ; #???????????? | | #??# ; H % ; "" ????????????? | | #??########## % # ""S?????????????? | | #???????????# %@ +?? ""??????????????? | | ##?????????#####;;; <% ; ????????????? | | ####??????????# [ # ; #???????????? | | ??????????????# # # """ #???????????? | | ??????????????# + #? """?????????????? | | ??????????????# #########???"""?????????????? | | ??????????????# ????????????? ?????????????? | | ??????????????# ]????????????????????????????? | | ??????????????#######????????????????????????????? | | ?????????????????????????????????????????????????? | | ?????????????????????????????????????????????????? | | | | | | | | | | | | | | | | | | | | | | | | | | | | | +----------------------------------------------------+ Best States ------------- Heat Dissipation 31 Energy Generation 15 Energy Capacity 160 Matter Stores 300 Matter Capacity 300 Sight Range 18 Terrain Scan Density 10 ECM Strength 1 Armor Coverage 150 Core Shielding 20 Evasion (%) 55 Recoil Reduction 2 Item Schematics ----------------- Grenade Launcher | -9/Materials | Scanalyzed Lgt. Ion Engine | -9/Materials | Scanalyzed Lgt. Armor Plating | -9/Materials | Scanalyzed Missile Launcher | -8/Materials | Scanalyzed Mic. Nuclear Core | -8/Materials | Scanalyzed Adv. Targeting Computer | -8/Materials | Scanalyzed Hrd. Light Armor Plating | -8/Materials | Scanalyzed Disposable Heat Sink | -8/Materials | Scanalyzed Core Shielding | -8/Materials | Scanalyzed Lrg. Matter Pod | -8/Materials | Scanalyzed Robot Schematics ------------------ None Fabricated ------------ Nothing Repaired ---------- Nothing Alien Tech Used ----------------- None Achievements -------------- I Survived The Infestation Challenges ------------ None Game ------ Seed RestorationZioniteWell Manual? 0 Play Time 00:37:27 Cumulative 38.4 hours Start 2025.10.04 @ 20:30:10 End 2025.10.04 @ 21:08:56 Sessions 1 Manual Loads 0 Difficulty Rogue Special Mode None Game No. 69 Rogue 69 Adventurer 0 Explorer 0 Win Type - Total 0 Types 0/0/0/0/0/0/0/0/0/0 Lore% 12 Gallery% 26 Achievement% 27 Wizard Run 0 Options --------- Layout 1 ASCII 1 Keyboard 0 Movement Numpad Keybinds 0 Fullscreen 1 Font 24/Cog Map View 50x35 Zoom Use 0% Tactical HUD 0 Map Filters NONE Filters NONE Steam 0 RUN: 77ea7539-8517-4ff1-a6d4-754d775dd576